 Dungeon Crawl Stone Soup version 0.28-a0-973-ga7f8b01127 (webtiles) character file.

Game seed: 878293007565941465

351 sanka the Chopper (level 6, -3/50 HPs)
             Began as a Palentonga Abyssal Knight on Dec 1, 2021.
             Was a Believer of Lugonu.
             Slain by a gnoll (4 damage)
             ... on level 4 of the Dungeon.
             The game lasted 00:06:07 (3539 turns).

sanka the Chopper (Palentonga Abyssal Knight)       Turns: 3539, Time: 00:06:08

Health: -3/50      AC:  4    Str: 18    XL:     6   Next: 34%
Magic:  9/9        EV:  9    Int: 11    God:    Lugonu [**....]
Gold:   147        SH:  0    Dex: 10    Spells: 5/5 levels left

rFire   . . .      SeeInvis +   a - +1 hand axe
rCold   . . .      Faith    .   (no shield)
rNeg    . . .      Spirit   .   b - +0 leather armour
rPois   .          Reflect  .   (no helmet)
rElec   .          Harm     .   (no cloak)
rCorr   .          Rampage  .   (no gloves)
Will    .....                   (no barding)
Stlth   +.........              (no amulet)
HPRegen 0.16/turn               (no ring)
MPRegen 0.11/turn               (no ring)

@: brilliant
A: large, rugged brown scales 3, see invisible, deformed body, roll 1, armoured
tail
a: Rolling Charge, Renounce Religion, Depart the Abyss, Bend Space


You were on level 4 of the Dungeon.
You worshipped Lugonu.
Lugonu was pleased with you.
You visited 1 branch of the dungeon, and saw 6 of its levels.
You visited the Abyss 1 time.

You collected 147 gold pieces.


Innate Abilities, Weirdness & Mutations

You are completely covered in rugged brown scales. (AC +3, +7% HP)
You have supernaturally acute eyesight. (SInv)
Armour fits poorly on your strangely shaped body.
You can roll at nearby foes to attack.
You have a long armoured tail.


   Skills:
 - Level 3.0 Fighting
 - Level 6.0 Axes
 - Level 1.5 Armour
 - Level 0.7 Dodging
 + Level 4.0 Invocations


You had 5 spell levels left.
You didn't know any spells.
Your spell library was empty.

Inventory:

Hand Weapons
 a - a +1 hand axe (weapon)
Armour
 b - a +0 leather armour (worn)
 g - a +0 pair of gloves
Wands
 e - a wand of polymorph (15)
Scrolls
 d - a scroll of summoning {unknown}
 f - a scroll of blinking {unknown}
 j - a scroll of enchant weapon {unknown}
 k - a scroll of vulnerability {unknown}

Dungeon Overview and Level Annotations

Branches:
Dungeon (6/15)
 Temple: D:4-7

Altars:

Annotations:
D:4 Blork the orc

.....▒▒▒
......▒.▒.▒
....▒▒▒▒.
......▒..
.........
......▒..
......... ▒....
......... . ...▒▒
......... .▒ ....
.....▒▒▒▒▒.▒ ..▒
.K.▒▒▒ ▒... ▒o▒
▒▒..▒▒▒▒.▒▒▒▒ ▒H▒
▒▒.......K..▒▒▒▒g▒
▒▒▒.▒▒.▒▒▒...▒▒g▒
▒........▒▒▒▒g..K▒
▒........▒
▒....>.▒
▒........▒
▒......▒
▒........▒
▒......▒
▒........▒
▒......▒
▒........▒
▒......▒


You could see a gnoll, an orc, a hobgoblin and a kobold.


Message History

The stone hits you but does no damage.
The kobold throws a stone.
The stone completely misses you.
A dart slug comes into view.
Found a stone staircase leading down.
Found a stone staircase leading down.
The orc shouts!
The orc hits you with a +0 falchion.
* * * LOW HITPOINT WARNING * * *
You hit the orc but do no damage. You completely miss the gnoll.
The orc hits you with a +0 falchion.
* * * LOW HITPOINT WARNING * * *
The gnoll closely misses you.
You hit the orc but do no damage. You hit the gnoll.
The orc closely misses you. The gnoll hits you but does no damage.
It was a potion of brilliance.
You feel clever all of a sudden. The orc hits you with a +0 falchion.
* * * LOW HITPOINT WARNING * * *
The gnoll barely misses you.
You hit the gnoll.
The gnoll is heavily wounded.
You hit the orc but do no damage. The orc hits you with a +0 falchion.
* * * LOW HITPOINT WARNING * * *
The gnoll hits you with a +0 club.
You die...

Action                   |  1- 3 |  4- 6 || total
-------------------------+-------+-------++-------
Melee: Hand axe          |    82 |    70 ||   152
       Tailslap          |    10 |    10 ||    20
       Unarmed           |       |     8 ||     8
 Abil: Rolling Charge    |     1 |     2 ||     3
  Use: Potion            |       |     3 ||     3
       Scroll            |       |     2 ||     2
Armor: Leather armour    |    23 |    26 ||    49
       Skin              |       |     5 ||     5
Dodge: Dodged            |    36 |    48 ||    84

Levels and vault maps discovered:
D:1:      eino_arrival_cavern_c, layout_rooms, hangedman_decor_growths,
          serial_bayou_pond_b
D:2:      layout_loops_ring, chequers_ecumenical_altar_island
D:3:      layout_basic, kennysheep_generic_room_8, uniq_grinder
D:4:      layout_rooms, grunt_qazlal_sundering, kennysheep_generic_room_3,
          uniq_blork_the_orc
D:5:      layout_rooms, gammafunk_ghost_split, chequers_mini_garden,
          chequers_serial_rivers_room_a, nicolae_shop_overcharged_wands
D:6:      layout_cave_pods, temple_hall, minivault_26

Notes
Turn   | Place    | Note
-------+----------+-------------------------------------------
     0 | Abyss:1  | sanka the Palentonga Abyssal Knight began the quest for the
                  | Orb.
     0 | Abyss:1  | Reached XP level 1. HP: 19/19 MP: 2/2
    97 | D:1      | Escaped the Abyss
   335 | D:1      | Reached XP level 2. HP: 25/25 MP: 3/3
   580 | D:1      | Reached skill level 3 in Axes
   818 | D:2      | Found a faded altar of an unknown god.
  1114 | D:2      | Reached XP level 3. HP: 31/31 MP: 4/4
  1331 | D:2      | Reached skill level 4 in Axes
  1763 | D:3      | Reached ** piety under Lugonu
  1766 | D:3      | Reached XP level 4. HP: 25/37 MP: 5/5
  1917 | D:3      | Reached skill level 5 in Axes
  2231 | D:3      | Noticed a bullfrog
  2241 | D:3      | Killed a bullfrog
  2242 | D:3      | Reached XP level 5. HP: 12/43 MP: 6/6
  2489 | D:5      | Entered Level 5 of the Dungeon
  2489 | D:5      | Noticed an ogre
  2599 | D:6      | HP: 3/43 [kobold brigand (3)]
  2604 | D:6      | HP: 4/64 [kobold brigand (1)]
  2605 | D:6      | HP: 1/64 [kobold brigand (4)]
  2607 | D:6      | Reached skill level 6 in Axes
  2607 | D:6      | Reached skill level 3 in Invocations
  2607 | D:6      | Reached XP level 6. HP: 1/50 MP: 6/8
  3102 | D:6      | Noticed an ice beast
  3180 | D:5      | Reached skill level 4 in Invocations
  3251 | D:4      | HP: 5/50 [scorpion (5)]
  3270 | D:4      | HP: 3/50 [orc (5)]
  3486 | D:4      | Noticed Blork the orc
  3538 | D:4      | HP: 5/50 [orc (3)]
  3539 | D:4      | HP: 1/50 [orc (5)]
  3539 | D:4      | Slain by a gnoll

Vanquished Creatures
  A kobold brigand (D:6)
  A bullfrog (D:3)
  A centaur zombie (D:6)
  An orc priest (D:3)
  A centaur skeleton (D:5)
  An orc wizard (D:3)
  3 gnolls (D:2)
  2 adders
  A dart slug (D:3)
  5 orcs
  8 endoplasms
  A giant cockroach (D:1)
  4 goblins
  2 hobgoblins (D:3)
  6 kobolds
  A quokka (D:4)
  3 ball pythons
  A bat (D:3)
  2 frilled lizards
  6 rats
51 creatures vanquished.

Vanquished Creatures (others)
  A plant (D:1)
1 creature vanquished.

Grand Total: 52 creatures vanquished
